[Event "Early-Titled-Tuesday-Blitz-June-18-2024"]
[Site "Chess.com"]
[Date "2024.06.18"]
[Round "2"]
[White "maurovargas01"]
[Black "ThetNaung291"]
[Result "0-1"]
[WhiteElo "1928"]
[BlackElo "2444"]
[TimeControl "180+1"]
[EndTime "8:18:13 PDT"]
[Termination "ThetNaung291 won on time"]

1. e4 e6 2. Nc3 d5 3. e5 c5 4.
f4 Ne7 5. Nf3 b6 6. Nb5 Nec6 7.
g4 h5 8. g5 a6 9. Nc3 Ne7 10. Ne2 d4 11. Ng3 Bb7 12. d3 h4 13.
Ne4 Nf5 14. Bh3 Be7 15. Bxf5 exf5 16. Ned2 Nc6 17. a3 Na5 18. Qe2 Bd5 19. h3 Qd7 20.
O-O Nc6 21. b3 Nd8 22. Nc4 Rb8 23. Bd2 Ne6 24. a4 b5 25. axb5 axb5 26. Nb2 g6 27.
Nd1 Kf8 28. Nf2 Kg7 29. Ra6 Qb7 30. Rfa1 Bxf3 31. Qe1 Ra8 32. Rxa8 Rxa8 33. Rb1 Ra2 34. Rc1 Qd5 35. Nd1 c4 36. Qf2 Bxd1 37. Rxd1 Rxc2 38.
bxc4 bxc4 39. dxc4 Qxc4 40. Qf3 Bb4 0-1

[Event "Early-Titled-Tuesday-Blitz-June-18-2024"]
[Site "Chess.com"]
[Date "2024.06.18"]
[Round "2"]
[White "Rodalquilar"]
[Black "tusplingher"]
[Result "1-0"]
[WhiteElo "2795"]
[BlackElo "2562"]
[TimeControl "180+1"]
[EndTime "8:18:16 PDT"]
[Termination "Rodalquilar won by resignation"]

1. d4 Nf6 2. Nf3 c5 3. c3 e6 4. Bf4 Nc6 5. e3 d5 6. Nbd2 cxd4 7. exd4 Nh5 8. Be3 f5 9. Ne5 g6 10. Nd3 Bd6 11. g3 O-O 12. Bh6 Re8 13. f4 Nf6 14. Bg5 Be7 15. Bxf6 Bxf6 16. Nf3 b6 17. Qd2 a5 18.
Kf2 Ba6 19. Re1 Qd6 20. Nde5 Bxe5 21. fxe5 Qe7 22. Bxa6 Rxa6 23. h4 b5 24. h5 b4 25.
hxg6 hxg6 26. Rh6 Qg7 27. Reh1 bxc3 28. bxc3 Rb6 29. Qg5 Rb2+ 30. Ke3 Ne7 31. Rh8+ Kf7 32. R8h7 f4+ 33. Kxf4 Rf8 34. Qf6+ Ke8 35. Rxg7 Rxf6+ 36. exf6 1-0

[Event "Early-Titled-Tuesday-Blitz-June-18-2024"]
[Site "Chess.com"]
[Date "2024.06.18"]
[Round "2"]
[White "DeyanKostov"]
[Black "Ati1517"]
[Result "0-1"]
[WhiteElo "2434"]
[BlackElo "2018"]
[TimeControl "180+1"]
[EndTime "8:18:16 PDT"]
[Termination "Ati1517 won by resignation"]

1. d4 Nf6 2. c4 g6 3. Nc3 Bg7 4. e4 d6 5. Nf3 O-O 6. h3 e5 7.
d5 Nbd7 8. Be3 a6 9. g4 b6 10. Be2 Nc5 11. Nd2 a5 12. g5 Ne8 13. h4 Bd7 14. h5 c6 15. Qc2 cxd5 16. Nxd5 Rc8 17.
Nb3 f5 18. gxf6 Nxf6 19. Nxf6+ Qxf6 20. Nxc5 bxc5 21. hxg6 hxg6 22. Qd2 Rb8 23. O-O-O Rb6 24. Bg5 Qxf2 25. Be7 Rf7 26. Bxd6 Rxd6 27. Qxd6 Qxe2 28. Qxg6 Qxc4+ 29. Kb1 Rf2 30. Qb6 Qxe4+ 31. Ka1 Qc6 32. Qb3+ c4 33. Qb8+ Qc8 34. Qd6 e4 35. Qd5+ Be6 36.
Qd8+ Qxd8 37. Rxd8+ Kf7 38. Rb8 e3 0-1

[Event "Early-Titled-Tuesday-Blitz-June-18-2024"]
[Site "Chess.com"]
[Date "2024.06.18"]
[Round "2"]
[White "yaguigor"]
[Black "snowlord"]
[Result "0-1"]
[WhiteElo "2642"]
[BlackElo "2960"]
[TimeControl "180+1"]
[EndTime "8:18:17 PDT"]
[Termination "snowlord won by resignation"]

1. e4 Nf6 2. e5 Nd5 3. d4 d6 4.
Nf3 dxe5 5. Nxe5 c6 6. Be2 Bf5 7. O-O Nd7 8. Nf3 e6 9. c4 N5f6 10. Nc3 Ne4 11. Nxe4 Bxe4 12. Bf4 Be7 13. Re1 O-O 14. Bf1 Nf6 15. Ne5 a5 16. Bg5 Bf5 17. a3 h6 18. Bh4 a4 19. Rc1 Qb6 20. Bxf6 Bxf6 21. Nd7 Qxd4 22. Nxf8 Rxf8 23. Qxa4 Qxb2 24. Qb4 Ra8 25. Qxb2 Bxb2 26. Rcd1 c5 27. Bd3 Rxa3 28. Bxf5 exf5 29. Rd8+ Kh7 30. Rd7 Kg6 31. Rxb7 Bd4 32. h4 Ra2 33. Rf1 f4 34. h5+ Kf6 35. Rb6+ Kg5 36.
Rb7 f5 37. Rf7 Rc2 38. Rb1 Rxf2 39. Kh1 Kxh5 40. Rxf5+ Kg4 41. Rf7 g5 42. Rb3 Rf1+ 0-1

[Event "Early-Titled-Tuesday-Blitz-June-18-2024"]
[Site "Chess.com"]
[Date "2024.06.18"]
[Round "2"]
[White "laskakid"]
[Black "AlexanderKing"]
[Result "1-0"]
[WhiteElo "2374"]
[BlackElo "2531"]
[TimeControl "180+1"]
[EndTime "8:18:17 PDT"]
[Termination "laskakid won on time"]

1. Nf3 Nf6 2. b3 g6 3. Bb2 Bg7 4. g3 d5 5. c4 c6 6. Bg2 O-O 7.
O-O Ne4 8. Bxg7 Kxg7 9. d3 Nf6 10.
Nbd2 Bg4 11. h3 Bxf3 12. Nxf3 Nbd7 13. Qd2 a5 14. Qb2 Qc7 15. Rac1 Qd6 16. Rfd1 e5 17. d4 e4 18. Ne5 Rfe8 19. Nxd7 Nxd7 20. f3 f5 21. f4 g5 22. e3 gxf4 23. gxf4 Rg8 24.
Kh2 Kf7 25. cxd5 cxd5 26. Qf2 Rg6 27. Qh4 Rag8 28. Rg1 Rh6 29. Qf2 Nf6 30. Qd2 b6 31.
Qc3 Ke6 32. Bf1 Ng4+ 33. Kh1 Nf2+ 34. Kh2 Rxg1 35. Kxg1 Nxh3+ 36. Bxh3 Rxh3 37. Qc8+ Qd7 38. Rc6+ 1-0

[Event "Early-Titled-Tuesday-Blitz-June-18-2024"]
[Site "Chess.com"]
[Date "2024.06.18"]
[Round "2"]
[White "KNVB"]
[Black "Oleg_Papayan"]
[Result "1-0"]
[WhiteElo "2820"]
[BlackElo "2568"]
[TimeControl "180+1"]
[EndTime "8:18:18 PDT"]
[Termination "KNVB won by checkmate"]

1. d4 d5 2. Bf4 c5 3. e3 Nc6 4. c3 Qb6 5. Qb3 c4 6. Qc2 e5 7. dxe5 Bf5 8. Qc1 g5 9. Bg3 h5 10. h4 g4 11. Nd2 Bc5 12. Ne2 O-O-O 13. Nd4 Nge7 14. Be2 Rhe8 15. b4 Bxd4 16. exd4 Nxd4 17. cxd4 Qxd4 18. O-O Nc6 19. Rd1 Qb6 20. Bxc4 dxc4 21. Nxc4 Qxb4 22. Nd6+ Rxd6 23. exd6 Kd7 24. Re1 Be6 25. Rb1 Qa4 26. Rxb7+ Kd8 27. Rc7 Bd7 28. Rxe8+ Kxe8 29. Qe3+ Kd8 30. Bf4 Qd1+ 31. Kh2 Qd5 32. Bg5+ f6 33. Bxf6+ Ne7 34. Qxe7# 1-0

[Event "Early-Titled-Tuesday-Blitz-June-18-2024"]
[Site "Chess.com"]
[Date "2024.06.18"]
[Round "2"]
[White "Orest_Vovk"]
[Black "SchmakAttack"]
[Result "0-1"]
[WhiteElo "2564"]
[BlackElo "2816"]
[TimeControl "180+1"]
[EndTime "8:18:19 PDT"]
[Termination "SchmakAttack won by resignation"]

1. h4 e5 2. h5 d5 3. h6 Nc6 4.
d4 exd4 5. Nf3 Nxh6 6. Bxh6 gxh6 7.
Nxd4 Bg7 8. e3 Nxd4 9. exd4 O-O 10. Bd3 Re8+ 11. Kf1 Qf6 12. c3 Bf5 13. Bxf5 Qxf5 14. Rh3 Re6 15. Nd2 Rae8 16. Nf3 Re2 17. Qxe2 Rxe2 18.
Kxe2 Qc2+ 19. Nd2 b6 20. b4 Qb2 21. Re1 Qxa2 22. Kd3 Kf8 23. Rhe3 Bf6 24. f4 a5 25. Re8+ Kg7 26. R1e3 h5 27. Rg3+ Kh6 28. Rf8 axb4 29. Rxf7 Bh4 30. Rg8 bxc3 31. Kxc3 Qa1+ 32. Kd3 c5 33.
Rc7 Qxd4+ 34. Kc2 Qxf4 35. Rc6+ Bf6 36. Rf8 Qa4+ 0-1

[Event "Early-Titled-Tuesday-Blitz-June-18-2024"]
[Site "Chess.com"]
[Date "2024.06.18"]
[Round "2"]
[White "IlanSchnaider"]
[Black "masnyszachistaaa"]
[Result "1-0"]
[WhiteElo "2831"]
[BlackElo "2575"]
[TimeControl "180+1"]
[EndTime "8:18:20 PDT"]
[Termination "IlanSchnaider won by resignation"]

1. e4 c5 2. Nf3 a6 3. c4 e6 4. d4 cxd4 5. Nxd4 Qc7 6. Nc3 Nf6 7.
Qd3 Nc6 8. a3 Nxd4 9. Qxd4 Bc5 10. Qd3 Ng4 11. Nd1 b5 12. cxb5 axb5 13. Be2 Ne5 14.
Qg3 O-O 15. O-O d6 16. Bxb5 Ba6 17. Bxa6 Rxa6 18. Nc3 Rb8 19. Rb1 Rb3 20. Bf4 Ng6 21. Be3 Bxa3 22. bxa3 Rxc3 23. h4 h5 24. Rb5 Rcxa3 25.
Rxh5 Ra1 26. Rxa1 Rxa1+ 27. Kh2 Qc3 28. Qxd6 Qe1 29. Kg3 Qe2 30. Qd8+ Nf8 31. Rg5 f6 32. Qxf6 Ra7 33. Bxa7 Qd3+ 34. Be3 1-0

[Event "Early-Titled-Tuesday-Blitz-June-18-2024"]
[Site "Chess.com"]
[Date "2024.06.18"]
[Round "2"]
[White "AndresDelgado77"]
[Black "karinachess1"]
[Result "0-1"]
[WhiteElo "2372"]
[BlackElo "2653"]
[TimeControl "180+1"]
[EndTime "8:18:22 PDT"]
[Termination "karinachess1 won on time"]

1. e4 e5 2. Nc3 Nf6 3. d4 exd4 4.
Qxd4 Nc6 5. Qc4 d6 6. Bg5 Be7 7. O-O-O O-O 8. f4 Bg4 9. Nf3 Nd7 10. Bxe7 Qxe7 11. Nd5 Qd8 12. h3 Be6 13. Ng5 Bxd5 14. exd5 Ne7 15. Bd3 Nf6 16. Rhe1 h6 17. Nf3 Nexd5 18.
g4 b5 19. Qxb5 Rb8 20. Qc6 Rb6 21. Qa4 Rb4 22. Qxa7 Rxf4 23. Nd2 Nb4 24. Bc4 d5 25. Qe3 Qd6 26. Bb3 c5 27. Nc4 Qc7 28. Ne5 Re4 29. Qg3 Re8 30. Ba4 R8xe5 31. Rxe4 Nxe4 32. Qf3 Re7 33. Rf1 Qe5 34. Bb3 Qg5+ 35. Qf4 Qxf4+ 36. Rxf4 c4 37. Ba4 Na6 38. Bc6 Nc7 39. a4 Nc5 40. Kb1 Re6 0-1

[Event "Early-Titled-Tuesday-Blitz-June-18-2024"]
[Site "Chess.com"]
[Date "2024.06.18"]
[Round "2"]
[White "AttilaTurzo"]
[Black "lamomiajunior"]
[Result "0-1"]
[WhiteElo "2424"]
[BlackElo "2738"]
[TimeControl "180+1"]
[EndTime "8:18:22 PDT"]
[Termination "lamomiajunior won on time"]

1. d4 Nf6 2. c4 g6 3. Nc3 Bg7 4.
e4 d6 5. Nf3 O-O 6. Be2 Nc6 7.
d5 Nb8 8. O-O c5 9. h3 e5 10.
dxe6 Bxe6 11. Bf4 Ne8 12. Qd2 Nc6 13. Rad1 a6 14. Be3 Qa5 15. Nd5 Qxd2 16. Rxd2 Bxd5 17. exd5 Ne5 18. Nxe5 Bxe5 19. a4 Nc7 20. f4 Bg7 21. a5 Rfe8 22. Bf2 Rab8 23. Bd3 b5 24. axb6 Rxb6 25. f5 Be5 26. fxg6 hxg6 27. Re1 Rxb2 28. Rxb2 Bxb2 29. Rb1 Be5 30. Rb7 Rc8 31. Kf1 Kf8 32. Bc2 Kg7 33. Ba4 Ne8 34. Bxe8 Rxe8 35. Ra7 Rb8 36. Rxa6 Rb4 0-1

[Event "Early-Titled-Tuesday-Blitz-June-18-2024"]
[Site "Chess.com"]
[Date "2024.06.18"]
[Round "2"]
[White "Muracle"]
[Black "RobertoJBM"]
[Result "1-0"]
[WhiteElo "2584"]
[BlackElo "2808"]
[TimeControl "180+1"]
[EndTime "8:18:23 PDT"]
[Termination "Muracle won by resignation"]

1. d4 d5 2. Nf3 Nf6 3. g3 c6 4.
Bg2 Bf5 5. O-O e6 6. c4 Nbd7 7. Qb3 Qb6 8. c5 Qxb3 9. axb3 Bxb1 10. Rxb1 a6 11. b4 Be7 12. Bf4 O-O 13. Nd2 Rfc8 14. Nb3 Bd8 15. f3 Bc7 16. Bxc7 Rxc7 17. e4 e5 18.
dxe5 Nxe5 19. f4 Nd3 20. e5 Nd7 21. Rfd1 Nxb4 22. Rd4 a5 23. Bh3 a4 24. Ra1 Na6 25. Rdxa4 Re8 26. Rc1 g6 27. Kf2 f6 28. Bxd7 Rxd7 29.
exf6 Kf7 30. Nd4 Kxf6 31. Nxc6 Rc7 32. Nb4 Nxb4 33. Rxb4 Kf5 34. Rd4 Rd7 35. b4 Re4 36. Rcd1 Rxd4 37. Rxd4 Ke6 38. g4 Rd8 39. Kf3 Ra8 40.
Rd3 Ra4 41. Rb3 Kd7 42. Ke3 Kc6 43. Kd4 Ra2 44. b5+ Kc7 45. Kxd5 Rxh2 46. f5 Rg2 47. f6 Rf2 48. g5 Rf5+ 49. Ke6 Rxc5 50. Rf3 1-0

[Event "Early-Titled-Tuesday-Blitz-June-18-2024"]
[Site "Chess.com"]
[Date "2024.06.18"]
[Round "2"]
[White "simplerXiao"]
[Black "Karateloru"]
[Result "0-1"]
[WhiteElo "2533"]
[BlackElo "2772"]
[TimeControl "180+1"]
[EndTime "8:18:23 PDT"]
[Termination "Karateloru won by resignation"]

1. e4 c6 2. d4 d5 3. exd5 cxd5 4. c4 Nf6 5. Nc3 e6 6. Nf3 Bb4 7. Bd3 O-O 8. O-O dxc4 9. Bxc4 Nbd7 10. Bg5 b6 11. a3 Bxc3 12. bxc3 Bb7 13. Bd3 Rc8 14.
c4 Qc7 15. Rc1 Ng4 16. g3 Qc6 17. d5 Qd6 18. Nd4 Nge5 19. Nb5 Qb8 20. Bf4 exd5 21. cxd5 Rxc1 22. Bxc1 a6 23. Nc3 Rc8 24. Bb2 Nc4 25. Ba1 Nf6 26. Bf5 Rd8 27. a4 Nxd5 28. Qg4 Ne5 29. Qh3 Nxc3 30. Qxh7+ Kf8 31. f4 Qc7 32. Qh8+ Ke7 33. Qh4+ f6 34. Re1 Qc5+ 35. Kf1 Qc4+ 36. Kg1 Ne2+ 37. Kf2 Rd2 38. fxe5 Ng1+ 39. Ke3 Re2+ 40.
Rxe2 Qxe2+ 41. Kd4 Nf3+ 42. Kc3 Nxh4 43. exf6+ gxf6 0-1

[Event "Early-Titled-Tuesday-Blitz-June-18-2024"]
[Site "Chess.com"]
[Date "2024.06.18"]
[Round "2"]
[White "betta2004"]
[Black "Sprinc1"]
[Result "1-0"]
[WhiteElo "2474"]
[BlackElo "2169"]
[TimeControl "180+1"]
[EndTime "8:18:23 PDT"]
[Termination "betta2004 won by resignation"]

1. Nf3 d5 2. e3 Nd7 3. b3 e5 4. Bb2 Bd6 5. c4 c6 6. Nc3 Ngf6 7. Be2 O-O 8. Qc2 Qe7 9. O-O-O dxc4 10. Bxc4 b5 11.
Be2 Nb6 12. d4 exd4 13. Nxd4 Bd7 14. Nf5 Bxf5 15. Qxf5 Ba3 16. Bf3 Bxb2+ 17. Kxb2 Qb4 18. Ne2 Nc4+ 19. Ka1 Nd2 20. Qc2 Nxf3 21. gxf3 a5 22.
Rd4 Qe7 23. Rg1 a4 24. b4 Rac8 25. Ng3 Qe5 26. f4 Qe6 27. Qf5 Rfd8 28. Qxe6 fxe6 29.
Rgd1 Rxd4 30. Rxd4 Nd5 31. a3 c5 32. bxc5 Rxc5 33. Kb2 Nb6 34. Ne4 Rc6 35. Ng5 g6 36.
Nf3 Nc4+ 37. Ka2 Kg7 38. Rd7+ Kf6 39. Rxh7 Na5 40. Ne5 Rc2+ 41. Kb1 1-0

[Event "Early-Titled-Tuesday-Blitz-June-18-2024"]
[Site "Chess.com"]
[Date "2024.06.18"]
[Round "2"]
[White "suyu28"]
[Black "InitiatingASC"]
[Result "1-0"]
[WhiteElo "2761"]
[BlackElo "2444"]
[TimeControl "180+1"]
[EndTime "8:18:24 PDT"]
[Termination "suyu28 won on time"]

1. d4 d5 2. c4 e6 3. Nc3 c5 4.
cxd5 cxd4 5. Qxd4 Nc6 6. Qd1 exd5 7. Qxd5 Qxd5 8. Nxd5 Bd6 9. Nf3 Be6 10. e4 O-O-O 11.
Be3 Bxd5 12. exd5 Bb4+ 13. Ke2 Rxd5 14. Rc1 Ne7 15. g3 Re8 16. Bh3+ Kb8 17. Rhd1 Ba5 18. Kf1 Bc7 19. Ng5 f6 20. Ne6 g5 21. Nxc7 Kxc7 22.
Bg4 Red8 23. Bf3 Rxd1+ 24. Rxd1 Rxd1+ 25. Bxd1 Nd5 26. Bd2 h6 27. Bb3 Kd6 28. h4 Nd4 29. Bd1 Ke5 30. Kg2 Ke4 31. Kh3 Kd3 32. Be1 f5 33.
hxg5 hxg5 34. Kg2 b5 35. Kf1 g4 36. Ba5 Nb6 37. b3 1-0

[Event "Early-Titled-Tuesday-Blitz-June-18-2024"]
[Site "Chess.com"]
[Date "2024.06.18"]
[Round "2"]
[White "Revan_2002"]
[Black "DinaBelenkaya"]
[Result "1-0"]
[WhiteElo "2721"]
[BlackElo "2326"]
[TimeControl "180+1"]
[EndTime "8:18:24 PDT"]
[Termination "Revan_2002 won on time"]

1. Nf3 d5 2. g3 Nf6 3. Bg2 c6 4.
O-O g6 5. d3 Bg7 6. Nbd2 Nbd7 7.
e4 O-O 8. Re1 e6 9. e5 Ne8 10. d4 c5 11. c3 Nc7 12. Nf1 b6 13.
Bg5 Qe8 14. Qd2 Ba6 15. Bh6 Qe7 16. Bxg7 Kxg7 17. Ne3 h6 18. Ng4 Rh8 19. h4 b5 20.
a3 Rac8 21. Rac1 Bb7 22. Qf4 Na8 23. Bf1 a6 24. Bd3 Nab6 25. Re2 cxd4 26. Nxd4 Nc4 27.
Rce1 Rcg8 28. Bb1 Kf8 29. Nf6 Nxf6 30. exf6 Qd6 31. Qg4 Bc8 32. Nf3 Ke8 33. Qd4 Kd8 34. Bd3 Kc7 35. b3 Nb6 36. Ne5 Rh7 37. a4 Bd7 38. a5 Nc8 39. h5 Rhh8 40. Nxf7 Qf8 41. Nxh8 Rxh8 42. hxg6 Qd6 43. f7 1-0

[Event "Early-Titled-Tuesday-Blitz-June-18-2024"]
[Site "Chess.com"]
[Date "2024.06.18"]
[Round "2"]
[White "SaraBlackPanther"]
[Black "Austen48"]
[Result "1-0"]
[WhiteElo "2713"]
[BlackElo "2287"]
[TimeControl "180+1"]
[EndTime "8:18:25 PDT"]
[Termination "SaraBlackPanther won on time"]

1. d4 Nf6 2. c4 e6 3. Nf3 Bb4+ 4. Nbd2 d5 5. Qa4+ Nc6 6. e3 O-O 7. Qc2 Re8 8. a3 Bf8 9. Bd3 e5 10. dxe5 Nxe5 11. Nxe5 Rxe5 12. Nf3 Re8 13. Bd2 dxc4 14. Bxc4 Be6 15. Bd3 c6 16. Bc3 h6 17. O-O-O Nd5 18.
Bh7+ Kh8 19. e4 Nxc3 20. Rxd8 Raxd8 21. Qxc3 Kxh7 22. Nd4 g6 23. Nxe6 Rxe6 24. e5 Rd5 25. Qf3 Re7 26. Re1 Bg7 27. Qb3 Bxe5 28. Kb1 Red7 29.
Re2 Bg7 30. Qf3 f5 31. g4 fxg4 32. Qxg4 Rd2 33. Re6 g5 34. Qf5+ Kg8 35. Re8+ 1-0

[Event "Early-Titled-Tuesday-Blitz-June-18-2024"]
[Site "Chess.com"]
[Date "2024.06.18"]
[Round "2"]
[White "AljoschaFeuerstack"]
[Black "Rud_Makarian"]
[Result "1/2-1/2"]
[WhiteElo "2674"]
[BlackElo "3064"]
[TimeControl "180+1"]
[EndTime "8:18:26 PDT"]
[Termination "Game drawn by repetition"]

1. e4 c5 2. Nf3 d6 3. d3 Nc6 4. g3 g6 5. Bg2 Bg7 6. O-O e5 7.
a4 Nge7 8. Nbd2 O-O 9. Nc4 f5 10.
c3 h6 11. b4 f4 12. bxc5 dxc5 13. Ba3 b6 14. a5 Be6 15. axb6 axb6 16. Qc2 Ra6 17.
Rfb1 Qc7 18. Bb2 Rfa8 19. Rxa6 Rxa6 20. Bc1 g5 21. h3 Ng6 22. Kh2 Bf6 23. Qb2 Bd8 24.
Qb5 Ra2 25. Ncxe5 fxg3+ 26. fxg3 Ngxe5 27. Nxe5 Nxe5 28. Qe8+ Kg7 29. Qxe6 Nf3+ 30. Kh1 Qxg3 31. Qd7+ Kg6 32. Qf5+ Kg7 33. Qxf3 Qe1+ 34. Qf1 Qg3 35. Qf3 Qe1+ 36. Qf1 Qg3 37. Qf3 1/2-1/2

[Event "Early-Titled-Tuesday-Blitz-June-18-2024"]
[Site "Chess.com"]
[Date "2024.06.18"]
[Round "2"]
[White "MightyGMpretender"]
[Black "Crazy_girl99"]
[Result "0-1"]
[WhiteElo "2843"]
[BlackElo "2613"]
[TimeControl "180+1"]
[EndTime "8:18:26 PDT"]
[Termination "Crazy_girl99 won on time"]

1. e4 e5 2. Nf3 Nc6 3. g3 Nf6 4. d3 Bc5 5. Bg2 d6 6. O-O O-O 7. h3 h6 8. c3 Bb6 9. Na3 Be6 10.
Re1 Re8 11. Nc4 Bxc4 12. dxc4 a5 13. Nd2 Nb8 14. Nf1 Nbd7 15. Ne3 Nc5 16. Nf5 Ne6 17.
Qf3 Ng5 18. Qe2 a4 19. h4 Ne6 20. Bh3 c6 21. Kg2 d5 22. exd5 cxd5 23. Bd2 dxc4 24.
Rad1 Qd3 25. Qxd3 cxd3 26. Rxe5 Nc7 27. Rxe8+ Rxe8 28. Nd6 Re2 29. Bf5 Rxf2+ 30. Kh3 Bc5 31. Nxb7 Rxf5 32. Bf4 Ne6 33. Rxd3 Nxf4+ 34. gxf4 Bf8 35.
c4 Rxf4 36. b3 axb3 37. axb3 g5 38. hxg5 hxg5 39. c5 Rh4+ 40. Kg2 Nh5 41. Rd8 Nf4+ 42. Kg1 Ne6 43. Rc8 Rb4 44. Nd6 Rxb3 0-1

[Event "Early-Titled-Tuesday-Blitz-June-18-2024"]
[Site "Chess.com"]
[Date "2024.06.18"]
[Round "2"]
[White "Zq1"]
[Black "giovannibrandao7"]
[Result "1-0"]
[WhiteElo "2516"]
[BlackElo "2297"]
[TimeControl "180+1"]
[EndTime "8:18:26 PDT"]
[Termination "Zq1 won by resignation"]

1. d4 Nf6 2. c4 g6 3. Nc3 d5 4.
Nf3 Bg7 5. cxd5 Nxd5 6. Bd2 O-O 7. Rc1 Bg4 8. e3 Nxc3 9. Bxc3 Nd7 10. Be2 Rc8 11.
h3 Bf5 12. Qb3 Nb6 13. a4 c5 14. a5 cxd4 15. Nxd4 Nd5 16. Nxf5 Nxc3 17. Nxe7+ Qxe7 18. bxc3 Qe5 19. O-O Qxa5 20. Qxb7 Rxc3 21. Ra1 Ra3 22. Rxa3 Qxa3 23. Bc4 a5 24. Rd1 Qc5 25. Ba2 Qf5 26. g4 Qc2 27. Bb3 Qc3 28. Rd7 Qa1+ 29. Kg2 Qf6 30. Qd5 h6 31. f4 a4 32. Bc4 a3 33. Kg3 Kh7 34. Rxf7 Rxf7 35. Qxf7 Qxf7 36. Bxf7 Bb2 37. h4 Kg7 38. Ba2 Kf6 39. g5+ hxg5 40. hxg5+ Kf5 41. Kf3 1-0

[Event "Early-Titled-Tuesday-Blitz-June-18-2024"]
[Site "Chess.com"]
[Date "2024.06.18"]
[Round "2"]
[White "pouya21"]
[Black "Mikayel99"]
[Result "0-1"]
[WhiteElo "2862"]
[BlackElo "2625"]
[TimeControl "180+1"]
[EndTime "8:18:27 PDT"]
[Termination "Mikayel99 won by resignation"]

1. Nf3 Nf6 2. c4 g6 3. Nc3 Bg7 4. e4 d6 5. d4 O-O 6. Be2 Nbd7 7. O-O e5 8. Re1 exd4 9. Nxd4 Nc5 10. f3 a5 11. Be3 h6 12. Qd2 Kh7 13. Rad1 Bd7 14. b3 Re8 15. Bf1 Qe7 16. Ndb5 Bxb5 17. cxb5 b6 18.
Bc4 Rad8 19. a3 Qd7 20. b4 axb4 21. axb4 Ne6 22. Ra1 Ra8 23. Ra6 Rad8 24. Ra7 Ra8 25. Rea1 Rxa7 26. Rxa7 Rc8 27. Bxb6 Qe8 28. Bf2 Ra8 29.
Rxa8 Qxa8 30. Qa2 Qxa2 31. Bxa2 Ng4 32. Bxe6 Nxf2 33. Na4 Bd4 34. Kf1 fxe6 35. Ke2 Kg7 36. Kd2 Kf6 37. Nc3 Bxc3+ 38. Kxc3 Ke5 39. Kc4 g5 40. b6 cxb6 41. Kb5 Nd3 42. Kc4 Nxb4 43. Kxb4 d5 44. exd5 exd5 45. Kc3 b5 46. Kd3 b4 47.
g3 d4 48. Kc4 h5 49. Kxb4 g4 50.
f4+ Ke4 51. Kb3 Ke3 52. f5 d3 53. Kc4 d2 54. Kd5 d1=Q+ 55. Ke6 Kf3 56. Kf6 Kg2 57.
Kg5 Kxh2 58. f6 Kxg3 0-1

[Event "Early-Titled-Tuesday-Blitz-June-18-2024"]
[Site "Chess.com"]
[Date "2024.06.18"]
[Round "2"]
[White "Eliwood44"]
[Black "IMRosen"]
[Result "0-1"]
[WhiteElo "2464"]
[BlackElo "2762"]
[TimeControl "180+1"]
[EndTime "8:18:27 PDT"]
[Termination "IMRosen won by checkmate"]

1. d4 d5 2. c4 e6 3. Nc3 Nf6 4.
cxd5 exd5 5. Bg5 c6 6. e3 Bd6 7.
Bh4 O-O 8. Bd3 Re8 9. Nge2 a5 10. a3 Na6 11. Rc1 Nc7 12. Bb1 Ne6 13. Bg3 Bxg3 14. Nxg3 g6 15. O-O h5 16. Re1 h4 17. Nf1 h3 18.
gxh3 Ng5 19. f4 Nxh3+ 20. Kg2 Bg4 21. Qd2 Kg7 22. Ng3 Qd6 23. Bc2 Rh8 24. Bd1 Rae8 25.
Rf1 b5 26. Bf3 Qd7 27. Nce2 Bxf3+ 28. Rxf3 Ng4 29. Rh1 Qe7 30. Nf1 Qh4 31. Neg3 f5 32.
Qc3 Re6 33. Qc5 Rhe8 34. Nd2 Nxe3+ 35. Rxe3 Rxe3 36. Qxc6 Nxf4+ 37. Kf2 Re2+ 38. Kg1 Qh3 39. Qc7+ R8e7 40. Qxf4 Qg2# 0-1

[Event "Early-Titled-Tuesday-Blitz-June-18-2024"]
[Site "Chess.com"]
[Date "2024.06.18"]
[Round "2"]
[White "SharathRk6"]
[Black "MikeSailer"]
[Result "1/2-1/2"]
[WhiteElo "2446"]
[BlackElo "2065"]
[TimeControl "180+1"]
[EndTime "8:18:27 PDT"]
[Termination "Game drawn - insufficient material"]

1. e4 d5 2. exd5 Qxd5 3. Nf3 Bg4 4. Be2 Nc6 5. O-O Nf6 6. Nc3 Qd7 7. d4 e6 8. Ne5 Nxe5 9. dxe5 Qxd1 10. Bxd1 Bxd1 11. Rxd1 Nd7 12. Bf4 O-O-O 13. Nb5 a6 14. Nc3 Bc5 15. Ne4 Be7 16. Rd3 h6 17. Rad1 Nc5 18. Nxc5 Bxc5 19. Rxd8+ Rxd8 20. Rxd8+ Kxd8 21. Kf1 Kd7 22. Ke2 Kc6 23. f3 Kd5 24. Kd3 b5 25. Bd2 Bg1 26. h3 c5 27. f4 c4+ 28. Ke2 Ke4 29. g3 h5 30. h4 Bc5 31. b3 cxb3 32. cxb3 g6 33.
a4 bxa4 34. bxa4 Bd4 35. Be1 Bc5 36. Bc3 Bb6 37. Be1 Bc5 38. Ba5 Bd4 39. Bc7 Bc5 40. Bd6 Bg1 41. Bb4 Kd4 42. Kf3 Kc4 43. Be1 Bb6 44. g4 hxg4+ 45. Kxg4 Bd8 46. h5 gxh5+ 47. Kxh5 Be7 48. Kh6 Bf8+ 49. Kh7 Kb3 50. Kg8 Bh6 51. Kxf7 Bxf4 52. Kxe6 Kxa4 53. Kf5 Bxe5 54. Kxe5 Kb5 55.
Kd4 a5 56. Kc3 a4 57. Kb2 a3+ 58. Ka1 a2 59. Bd2 Kc4 60. Bc1 Kd3 61. Bb2 Kc4 62.
Kxa2 1/2-1/2

[Event "Early-Titled-Tuesday-Blitz-June-18-2024"]
[Site "Chess.com"]
[Date "2024.06.18"]
[Round "2"]
[White "PapaieDudu"]
[Black "LeoLV10"]
[Result "0-1"]
[WhiteElo "2361"]
[BlackElo "2557"]
[TimeControl "180+1"]
[EndTime "8:18:28 PDT"]
[Termination "LeoLV10 won on time"]

1. Nf3 Nf6 2. d4 e6 3. c4 c5 4. d5 exd5 5. cxd5 d6 6. Nc3 g6 7. Bg5 Bg7 8. e3 O-O 9. Be2 Nbd7 10. O-O h6 11. Bh4 Re8 12. Rc1 a6 13. Re1 b5 14.
a4 b4 15. Nb1 Bb7 16. Bc4 g5 17. Bg3 Nb6 18. Nbd2 Nbxd5 19. e4 Nb6 20. e5 dxe5 21. Nxe5 Nxc4 22. Ndxc4 Qd5 23. f3 Rad8 24. Qe2 Qe6 25. Bf2 Nd7 26. f4 Nxe5 27. fxe5 Qc6 28. Qg4 Bc8 29.
Qg3 Rd5 30. Rcd1 Red8 31. Rxd5 Qxd5 32. Nd6 Be6 33. h4 g4 34. Qf4 c4 35. Bd4 Rxd6 36.
exd6 Qxd4+ 37. Qxd4 Bxd4+ 38. Kf1 c3 39. Rd1 c2 40.
Rc1 b3 41. Ke2 Bxb2 0-1

[Event "Early-Titled-Tuesday-Blitz-June-18-2024"]
[Site "Chess.com"]
[Date "2024.06.18"]
[Round "2"]
[White "Rile-Man"]
[Black "sirinbaba33"]
[Result "1-0"]
[WhiteElo "2500"]
[BlackElo "2218"]
[TimeControl "180+1"]
[EndTime "8:18:28 PDT"]
[Termination "Rile-Man won by resignation"]

1. d4 Nf6 2. Bf4 d6 3. Nc3 Nbd7 4. Nf3 c5 5. d5 b5 6. Nxb5 Qa5+ 7. Nc3 Bb7 8. Qd2 g6 9. e4 Bg7 10. Be2 O-O 11. O-O Ng4 12. h3 Bxc3 13. Qxc3 Qxc3 14. bxc3 Ngf6 15. Nd2 Rfe8 16. Rab1 Rab8 17. Rb3 c4 18. Rb4 a5 19. Rb5 Ba6 20. Rxa5 Nc5 21. f3 Rb2 22. Rc1 Nfd7 23. Bxc4 Bxc4 24. Nxc4 Rb7 25. e5 dxe5 26. Nxe5 Rc8 27. Nc6 Kf8 28. Re1 e6 29. Bd6+ Kg7 30.
Bxc5 Nxc5 31. Rxc5 exd5 32. Na5 Rxc5 33. Nxb7 Rxc3 34.
Rd1 Rxc2 35. Rxd5 Rxa2 36. Nd6 Ra7 37. Ne8+ Kf8 38. Nf6 Kg7 39. Ne4 Rb7 40. Kh2 h5 41.
h4 Ra7 42. Ng5 Re7 43. Kg3 Rb7 44. Ne4 Re7 45. Nc5 Ra7 46. Rd7 Ra5 47. Ne6+ Kg8 48.
Ng5 Rf5 49. f4 Rf6 50. Kf3 Rf5 51. Ke4 Rf6 52. Re7 Rf5 53. Ra7 Rf6 54. Kf3 Rf5 55.
g4 hxg4+ 56. Kxg4 Rf6 57. Rb7 Rf5 58. h5 Rf6 59. h6 1-0

[Event "Early-Titled-Tuesday-Blitz-June-18-2024"]
[Site "Chess.com"]
[Date "2024.06.18"]
[Round "2"]
[White "TigrVShlyape"]
[Black "SaqoChess_Twitch"]
[Result "1-0"]
[WhiteElo "2991"]
[BlackElo "2649"]
[TimeControl "180+1"]
[EndTime "8:18:29 PDT"]
[Termination "TigrVShlyape won by checkmate"]

1. e4 c5 2. Nf3 d6 3. d4 cxd4 4. Nxd4 Nf6 5. Nc3 g6 6. Be2 Bg7 7. O-O O-O 8. Be3 Nc6 9. Qd2 d5 10. Rfd1 e6 11. exd5 Nxd5 12. Nxd5 exd5 13. c3 Be6 14.
Nxc6 bxc6 15. Bd4 a5 16. b4 axb4 17. cxb4 Qb8 18. a4 Rc8 19. a5 Bxd4 20. Qxd4 c5 21.
bxc5 Qc7 22. a6 Qxc5 23. Qf4 Qc7 24. Qg5 Qd8 25. Qe3 Rc7 26. Qd4 Qe7 27. h4 Rc6 28.
Rdc1 Rd6 29. Bd3 Bc8 30. a7 Rd7 31. Rxc8+ Rxc8 32. a8=Q Rxa8 33. Rxa8+ Rd8 34. Rxd8+ Qxd8 35. h5 Qg5 36. Be2 Qc1+ 37. Kh2 Qc2 38. Bf3 Qc7+ 39. g3 Qe7 40. h6 Qf8 41. Qf4 d4 42. Bd5 d3 43.
Bc4 Qe7 44. Bxd3 Qd8 45. Bc4 Qf8 46. Bd5 Kh8 47. Qf6+ Kg8 48. Kg2 Qxh6 49. Qxf7+ Kh8 50. Qg8# 1-0